 Dungeon Crawl Stone Soup version 0.32-a0-484-g2eb335deba (webtiles) character file.

Game seed: 9207303253466480162

177 SmallerGod the Trooper (level 5, -1/41 HPs)
             Began as a Mummy Fighter on Feb 26, 2024.
             Constricted to death by Ijyb (2 damage)
             ... on level 4 of the Dungeon.
             The game lasted 00:02:33 (2593 turns).

SmallerGod the Trooper (Mummy Fighter)              Turns: 2593, Time: 00:02:34

Health: -1/41      AC: 10    Str: 22    XL:     5   Next: 31%
Magic:  5/5        EV:  2    Int:  7    God:
Gold:   156        SH: 11    Dex: 11    Spells: 4/4 levels left

rFire   x . .        a - +0 war axe
rCold   + . .        l - +0 tower shield
rNeg    + + +        e - +0 chain mail
rPois   ∞            (no helmet)
rElec   .            (no cloak)
rCorr   .            (no gloves)
SInv    .            i - +0 pair of boots
Will    .....        (no amulet) Stlth
                     (no ring)
HPRegen 0.26/turn    (no ring)
MPRegen 0.09/turn

%: faith
@: grasped by roots, constricted
A: cold resistance 1, negative energy resistance 3, torment resistance 2, heat
vulnerability 1, in touch with death 1, no potions, faith
a: no special abilities


You were on level 4 of the Dungeon.
You visited 1 branch of the dungeon, and saw 4 of its levels.

You collected 156 gold pieces.

Inventory:

Hand Weapons
 a - a +0 war axe (weapon)
Armour
 b - a +0 scale mail
 c - a +0 buckler
 e - a +0 chain mail (worn)
 i - a +0 pair of boots (worn)
 l - a +0 tower shield (worn)
Jewellery
 d - a ring of ice
Scrolls
 f - 3 scrolls of teleportation {unknown}
 g - a scroll of immolation {unknown}
 h - a scroll of fear {unknown}
 j - a scroll of identify {unknown}
 k - a scroll of noise {unknown}
 m - a scroll of fog {unknown}


   Skills:
 + Level 3.6 Fighting
 * Level 3.0 Axes
 + Level 3.0 Armour
 + Level 1.4 Dodging
 + Level 2.9 Shields


You had 4 spell levels left.
You didn't know any spells.
Your spell library was empty.

Dungeon Overview and Level Annotations

Branches:
Dungeon (4/15)
 Temple: D:4-7

Altars:
Ashenzari
Okawaru
Uskayaw
Wu Jian

Annotations:
D:4 Ijyb


Innate Abilities, Weirdness & Mutations

You are immune to poison.
Your flesh is cold resistant. (rC+)
You are immune to negative energy. (rN+++)
You are immune to unholy pain and torment.
You are vulnerable to heat. (rF-)
You are in touch with the powers of death.
You do not drink.
You have a special connection with the divine. (Faith)


Message History

Ijyb is moderately wounded.
Ijyb hits you but does no damage. x2
You closely miss Ijyb.
Ijyb is moderately wounded.
Ijyb hits you but does no damage. You block Ijyb's attack.
Ijyb zaps a wand.
The roots erupt in riotous growth!
The grasping roots grab you!
Ijyb is unaffected.
The grasping roots constrict you.
You hit Ijyb but do no damage.
Ijyb is moderately wounded.
You block Ijyb's attack. The grasping roots constrict you.
Ijyb hits you with a +2 dagger of speed.
The grasping roots constrict you!
* * * LOW HITPOINT WARNING * * *
The grasping roots release their grip on you.
Unknown command.
You hit Ijyb but do no damage.
Ijyb is moderately wounded.
You block Ijyb's attack.
Ijyb hits you with a +2 dagger of speed.
* * * LOW HITPOINT WARNING * * *
Unknown command.
You barely miss Ijyb.
Ijyb is moderately wounded.
Ijyb screams, "You look like good test subject!"
You block Ijyb's attack.
Ijyb zaps a wand.
The roots erupt in riotous growth!
The grasping roots grab you!
Ijyb is unaffected.
The grasping roots constrict you.
* * * LOW HITPOINT WARNING * * *
Unknown command.
You hit Ijyb.
Ijyb is heavily wounded.
You block Ijyb's attack. The grasping roots constrict you.
* * * LOW HITPOINT WARNING * * *
You block Ijyb's attack. The grasping roots constrict you.
Ijyb hits you with a +2 dagger of speed.
* * * LOW HITPOINT WARNING * * *
The grasping roots constrict you.
You die...
Ijyb moans, "Good help so hard to find!"

##.## .. #.# .. #
#.# .# .# ##'##
##)###.# ##...##
....... #.....##
#....#######.....#
#g...#..ß..#......
#@...#.ß_ß.#......
#....#..ß..#......
#.#.##≈≈.≈≈#.....#
#.####g≈.≈g#....##
#....#≈≈.≈≈#......
#.###......##.####
#.# #......##.## #
#.# #..........###
#.# ##.....##.....


You could see Ijyb.

Vanquished Creatures
  A bombardier beetle (D:4)
  A hound (D:4)
  Terence (D:2)
  2 adders (D:2)
  5 dart slugs
  3 ribbon worms
  2 orcs
  4 endoplasms
  4 giant cockroaches
  2 goblins (D:1)
  3 hobgoblins
  6 jackals (D:1)
  3 kobolds
  2 quokkas
  4 ball pythons
  3 frilled lizards (D:1)
  9 rats
55 creatures vanquished.

Notes
Turn   | Place    | Note
-------+----------+-------------------------------------------
     0 | D:1      | SmallerGod the Mummy Fighter began the quest for the Orb.
     0 | D:1      | Reached XP level 1. HP: 18/18 MP: 1/1
    55 | D:1      | Reached XP level 2. HP: 12/24 MP: 2/2
   203 | D:1      | Reached XP level 3. HP: 28/29 MP: 3/3
   276 | D:1      | Found a faded altar of an unknown god.
  1169 | D:2      | Reached skill level 1 in Dodging
  1169 | D:2      | Reached XP level 4. HP: 32/35 MP: 4/4
  1246 | D:2      | Noticed Terence
  1267 | D:2      | Killed Terence
  1830 | D:3      | Found a hide-covered altar of Uskayaw.
  2029 | D:4      | HP: 1/35 [burnt (7)]
  2030 | D:4      | Reached XP level 5. HP: 2/41 MP: 5/5
  2294 | D:4      | Found an ornate altar of the Wu Jian Council.
  2527 | D:4      | Found a broken altar of Ashenzari.
  2574 | D:4      | Found an iron altar of Okawaru.
  2582 | D:4      | Noticed Ijyb
  2593 | D:4      | HP: 1/41 [Ijyb/+2 dagger of speed (3)]
  2593 | D:4      | Constricted to death by Ijyb

Illustrated notes

Levels and vault maps discovered:
D:1:      scummos_arrival_forest, layout_rooms,
          shapermc_ecumenical_altar_acropolis, minmay_tetromino_s2
D:2:      layout_loops_ring, chequers_serial_rivers_small_a, uniq_terence
D:3:      layout_loops_ring, lemuel_round_altar, st_stairs_12
D:4:      layout_loops_corners, nicolae_ashenzari_panopticon,
          kennysheep_okawaru_gauntlet, lemuel_tele_altar, uniq_pikel, uniq_ijyb

Skill      XL: |  1  2  3  4  5 |
---------------+----------------+-----
Axes           | 2 3 |  3.0
Dodging        | 1 |  1.4
Armour         | 3 |  3.0
Fighting       | |  3.6
Shields        | |  2.9

Action                     |  1- 3 |  4- 6 || total
---------------------------+-------+-------++-------
  Melee: War axe           |   115 |    77 ||   192
 Armour: Scale mail        |    22 |       ||    22
         Chain mail        |    81 |    57 ||   138
  Dodge: Dodged            |    48 |    16 ||    64
  Block: Buckler           |    31 |    12 ||    43
         Tower shield      |       |    22 ||    22

Table legend: (Time is in decaauts)
 A = Elapsed time spent in this place.
 B = Non-inter-level travel time spent in this place.
 C = Inter-level travel time spent in this place.
 D = Time resting spent in this place.
 E = Time spent auto-exploring this place.
 F = Levels seen in this place.
 G = Mean time per level.
                   A        B        C        D        E       F      G
               +--------+--------+--------+--------+--------+-----+--------+
         Total |   2679 |   2576 |    103 |    237 |   1800 |   4 |  669.8 |
       Dungeon |   2679 |   2576 |    103 |    237 |   1800 |   4 |  669.8 |
               +--------+--------+--------+--------+--------+-----+--------+

Top non-repeatable levels by time:
     D:2: 911 daAuts
     D:4: 643 daAuts
     D:3: 598 daAuts
     D:1: 526 daAuts
